 Dungeon Crawl Stone Soup version 0.22-a0-299-g43f9854 (webtiles) character file.

593 Sharkov the Firebug (level 7, -4/61 HPs)
             Began as an Ogre Fire Elementalist on Mar 25, 2018.
             Slain by Menkaure (19 damage)
             ... on level 5 of the Dungeon.
             The game lasted 00:19:07 (7501 turns).

Sharkov the Firebug (Ogre Fire Elementalist)        Turns: 7501, Time: 00:19:08

Health: -4/61      AC:  4    Str: 13    XL:     7   Next: 39%
Magic:  15/19      EV: 10    Int: 18    God:
Gold:   148        SH:  0    Dex:  9    Spells: 0/10 levels left

rFire    + . .     SeeInvis .   p - +0 trident
rCold    x . .     Gourm    .   (no shield)
rNeg     . . .     Faith    .   a - +1 robe
rPois    .         Spirit   .   (helmet restricted)
rElec    .         Reflect  .   q - -1 cloak (curse)
rCorr    .         Harm     .   (gloves unavailable)
MR       .....                  (boots unavailable)
Stlth    +.........             (no amulet)
HPRegen  0.20/turn              n - ring of fire
MPRegen  0.16/turn              v - ring of magical power

@: very slightly contaminated
A: large, unfitting armour, tough skin 1
a: no special abilities


You were on level 5 of the Dungeon.
You were not hungry.

You visited 1 branch of the dungeon, and saw 6 of its levels.

You collected 290 gold pieces.
You spent 142 gold pieces at shops.

Inventory:

Hand Weapons
 d - a +0 morningstar
 h - a +0 hunting sling
 k - a cursed -3 blowgun
 o - a +0 flail
 p - a +0 trident (weapon)
 t - a +0 war axe
 w - a +0 halberd
Missiles
 i - 46 stones (quivered)
 m - 3 curare-tipped needles
Armour
 a - a +1 robe (worn)
 q - a cursed -1 cloak (worn)
Jewellery
 n - a ring of fire (left hand)
 v - a ring of magical power (right hand)
Wands
 f - a wand of flame (5)
Scrolls
 b - a scroll of random uselessness
 g - a scroll of magic mapping
 l - a scroll of immolation
 r - 2 scrolls of amnesia
 s - 2 scrolls of enchant weapon
 u - a scroll of teleportation
Potions
 j - a potion of curing
Comestibles
 c - 2 rations


   Skills:
 - Level 0.6 Fighting
 - Level 0.4 Polearms
 - Level 1.7 Dodging
 - Level 1.4 Stealth
 - Level 2.4 Spellcasting
 * Level 4.9 Conjurations
 + Level 5.5 Fire Magic


You couldn't memorise any spells.
You knew the following spells:

 Your Spells              Type           Power        Failure   Level  Hunger
a - Flame Tongue          Conj/Fire      ####.        1%          1    #......
b - Throw Flame           Conj/Fire      ####..       3%          2    ##.....
c - Sticky Flame          Conj/Fire      ####....     21%         4    #####..
d - Conjure Flame         Conj/Fire      ####....     6%          3    ###....


Dungeon Overview and Level Annotations

Branches:
Dungeon (6/15)
 Temple: D:4-7

Altars:
Gozag
Zin

Shops:
D:4 *

Annotations:
D:5 Grinder, Menkaure


Innate Abilities, Weirdness & Mutations

You are too large for most types of armour.
You have tough skin. (AC +1)


Message History

The jackal bites you.
Menkaure gestures wildly while chanting.
Menkaure seems to speed up.
The jackal bites you but does no damage.
The jackal closely misses you.
You puncture the jackal!
You kill the jackal!
Menkaure gestures at you while chanting.
You struggle to resist.
Menkaure hits you!!
* * * LOW HITPOINT WARNING * * *
Casting: Throw Flame (safe; 3% risk of failure)
Confirm with . or Enter, or press ? or * to list all spells.
Aiming: Sticky Flame (slightly dangerous; 21% risk of failure)
Press: ? - help, Shift-Dir - straight line, f - Menkaure
Aim: Menkaure (fast)
You feel a surge of power!
You miscast Sticky Flame.
You are very lightly contaminated with residual magic.
You smell something strange.
Menkaure hits you!!
You die...

h.... #.... ...
#.... #.#
####.... #†#
#<...... #.#
###..... #o#
#..... #Z#
#.####
#M############.#
#.@............#
################


You could see Menkaure, an orc and a centaur warrior skeleton.

Vanquished Creatures
  A scorpion (D:4)
  A wight (D:6)
  2 hounds
  6 orc priests
  2 worker ants
  Ijyb (D:2)
  A hound zombie (D:5)
  5 adders
  4 worms
  4 leopard geckos
  13 orcs
  3 bats
  6 giant cockroaches
  16 goblins
  7 hobgoblins
  13 jackals
  A quokka (D:6)
  2 ball pythons
  2 frilled lizards
  9 kobolds
  A leopard gecko skeleton (D:4)
  A quokka skeleton (D:5)
  8 rats
109 creatures vanquished.

Notes
Turn   | Place    | Note
-------+----------+-------------------------------------------
     0 | D:1      | Sharkov the Ogre Fire Elementalist began the quest for the Orb.
     0 | D:1      | Reached XP level 1. HP: 16/16 MP: 3/3
   274 | D:1      | Reached skill level 1 in Conjurations
   274 | D:1      | Reached XP level 2. HP: 20/26 MP: 3/5
   303 | D:1      | Reached skill level 3 in Fire Magic
   344 | D:1      | Learned a level 2 spell: Throw Flame
   960 | D:2      | Reached XP level 3. HP: 24/32 MP: 1/6
  1897 | D:2      | Reached skill level 4 in Fire Magic
  1897 | D:2      | Reached XP level 4. HP: 22/40 MP: 3/7
  1959 | D:2      | Learned a level 4 spell: Sticky Flame
  2390 | D:3      | Noticed Ijyb
  2422 | D:3      | Reached XP level 5. HP: 41/46 MP: 8/8
  2734 | D:3      | Found a glowing silver altar of Zin.
  3561 | D:2      | Killed Ijyb
  4881 | D:3      | Reached XP level 6. HP: 51/54 MP: 4/9
  5257 | D:3      | Reached skill level 5 in Fire Magic
  6265 | D:4      | Found Pozuf's Assorted Antiques.
  6280 | D:4      | Reached XP level 7. HP: 34/61 MP: 2/10
  6655 | D:4      | Bought a bubbling green potion for 26 gold pieces
  6656 | D:4      | Bought a scroll of identify for 58 gold pieces
  6656 | D:4      | Bought a scroll of identify for 58 gold pieces
  6758 | D:4      | Found an opulent altar of Gozag.
  6785 | D:5      | Entered Level 5 of the Dungeon
  6895 | D:5      | Noticed Grinder
  7451 | D:5      | Learned a level 3 spell: Conjure Flame
  7482 | D:5      | Noticed Menkaure
  7501 | D:5      | Slain by Menkaure

Vault maps used:
D:1:      dpeg_arrival_round_c
D:3:      kennysheep_the_goblin_king, zin_academy, first_ration
D:4:      lemuel_coloured_pillars_altar, nicolae_qazlal_eye_of_the_storm,
          serial_shops, shop, gup_sewer_entry_bowl
D:5:      uniq_grinder, uniq_menkaure, uniq_crazy_yiuf_cottage
D:6:      serial_shops, nicolae_shop_statue_plus, minmay_misc_feat_ornament

Skill      XL: |  1  2  3  4  5  6 |
---------------+-------------------+-----
Conjurations   | 1 2 3 4 |  4.9
Fire Magic     | 3 4 5 |  5.5
Fighting       | |  0.6
Polearms       | |  0.4
Dodging        | |  1.7
Stealth        | |  1.4
Spellcasting   | |  2.4

Action                   |  1- 3 |  4- 6 |  7- 9 || total
-------------------------+-------+-------+-------++-------
Melee: Unarmed           |     5 |       |       ||     5
       Whip              |    31 |       |       ||    31
       Mace              |    85 |   109 |       ||   194
       Trident           |       |    60 |   111 ||   171
Throw: Stone             |       |     2 |     1 ||     3
 Cast: Flame Tongue      |    17 |    23 |     2 ||    42
       Throw Flame       |     6 |    15 |     3 ||    24
       Sticky Flame      |       |    11 |     2 ||    13
  Use: Potion            |     2 |     3 |     1 ||     6
       Scroll            |       |     8 |     4 ||    12
 Stab: Sleeping          |     3 |     1 |     1 ||     5
  Eat: Chunk             |     4 |     5 |     1 ||    10
       Ration            |       |     4 |     1 ||     5
Armor: Robe              |    38 |    47 |    43 ||   128
       Skin              |       |     2 |       ||     2
Dodge: Dodged            |    74 |   133 |    68 ||   275

Table legend:
 A = Spawn XP
 B = Non-spawn XP
 C = Spawn XP percentage of total XP
 D = Spawn monster count
 E = Non-spawn monster count
 F = Spawn count percentage of total count
 G = Total turns spent on level
                    A         B        C        D         E        F      G
               +---------+---------+-------+---------+---------+-------+---------
         Total |       0 |     848 |   0.0 |       0 |     109 |   0.0 |  7501
               +---------+---------+-------+---------+---------+-------+---------
           D:1 |       0 |      26 |   0.0 |       0 |      15 |   0.0 |   890
           D:2 |       0 |     157 |   0.0 |       0 |      34 |   0.0 |  3023
           D:3 |       0 |     303 |   0.0 |       0 |      39 |   0.0 |  1906
           D:4 |       0 |     179 |   0.0 |       0 |      11 |   0.0 |  1038
           D:5 |       0 |      74 |   0.0 |       0 |       6 |   0.0 |   270
           D:6 |       0 |     109 |   0.0 |       0 |       4 |   0.0 |   374
               +---------+---------+-------+---------+---------+-------+---------
